 Dungeon Crawl Stone Soup version 0.24-a0-487-g57318f2ed0 (webtiles) character file.

Game seed: 8884730287126747461

142 Mithandil the Conjurer (level 5, -1/28 HPs)
             Began as a Deep Elf Conjurer on July 11, 2019.
             Slain by an orc
             ... wielding a +0 whip
              (4 damage)
             ... on level 2 of the Dungeon.
             The game lasted 00:16:17 (1880 turns).

Mithandil the Conjurer (Deep Elf Conjurer)          Turns: 1880, Time: 00:16:18

Health: -1/28      AC:  3    Str:  6    XL:     5   Next: 4%
Magic:  6/14       EV: 13    Int: 20    God:
Gold:   63         SH:  0    Dex: 15    Spells: 10/13 levels left

rFire    . . .     SeeInvis .   a - +3 dagger
rCold    . . .     Gourm    .   (no shield)
rNeg     . . .     Faith    .   d - +1 robe
rPois    .         Spirit   .   (no helmet)
rElec    .         Reflect  .   (no cloak)
rCorr    .         Harm     .   (no gloves)
MR       .....                  (no boots)
Stlth    ++........             (no amulet)
HPRegen  0.09/turn              h - ring of flight
MPRegen  0.14/turn              (no ring)

@: very slightly contaminated
A: no striking features
a: Evoke Flight


You were on level 2 of the Dungeon.
You were not hungry.

You visited 1 branch of the dungeon, and saw 4 of its levels.

You collected 63 gold pieces.

Inventory:

Hand Weapons
 a - a +3 dagger (weapon)
 k - a +2 mace of crushing
 p - a +1 hand axe of chopping
Missiles
 f - 24 arrows
 i - 22 stones (quivered)
Armour
 d - a +1 robe (worn)
Jewellery
 g - an uncursed amulet of faith
 h - a ring of flight (left hand)
Scrolls
 j - a scroll of blinking
Potions
 e - 3 potions of brilliance {unknown}
 m - a potion of mutation {unknown}
 o - a potion of flight {unknown}
Comestibles
 c - 6 rations
 l - a chunk of flesh


   Skills:
 - Level 3.0 Dodging
 + Level 3.6 Stealth
 * Level 4.8 Spellcasting
 * Level 5.5 Conjurations


You had 10 spell levels left.
You knew the following spells:

 Your Spells              Type           Power        Failure   Level  Hunger
a - Magic Dart            Conj           ####         1%          1    None
b - Searing Ray           Conj           ####..       1%          2    #......

Your spell library contained the following spells:

 Spells                   Type           Power        Failure   Level  Hunger
 Dazzling Spray           Conj/Hex       ###...       12%         3    ##.....
 Iskenderun's Mystic Bla  Conj           ####....     12%         4    ####...
 Force Lance              Conj/Tloc      ###.....     36%         4    ####...
 Fulminant Prism          Conj/Hex       ###.......   36%         4    ####...


Dungeon Overview and Level Annotations

Branches:
Dungeon (4/15)
 Temple: D:4-7

Altars:
Dithmenos


Message History

You have reached level 5!
The orc hits you with a +0 whip.
* * * LOW HITPOINT WARNING * * *
Casting: Magic Dart (safe; 1% risk of failure)
Confirm with . or Enter, or press ? or * to list all spells.
Aiming: Magic Dart (safe; 1% risk of failure)
Press: ? - help, Shift-Dir - straight line, f - orc
Aim: an orc, wielding a +0 whip and wearing a +0 chain mail You miscast Magic Dart.
You are very lightly contaminated with residual magic.
Nothing appears to happen.
The orc misses you.
Casting: Magic Dart (safe; 1% risk of failure)
Confirm with . or Enter, or press ? or * to list all spells.
Aiming: Magic Dart (safe; 1% risk of failure)
Press: ? - help, Shift-Dir - straight line, f/p - orc
Aim: an orc, wielding a +0 whip and wearing a +0 chain mail The magic dart hits the orc.
The orc is lightly wounded.
The orc hits you with a +0 whip.
You die...

#########..#####..#####.####
.#⌠...⌠##..## #...........#
##.....#.#..# #...####.##.#
.'.._..##...# #...# #.##÷#
##.....###..####...# #.##.#
#⌠...⌠# #.........####.##.#
####### ##.####.<....#.##.#
#.# #o.....#....# #.#
#@.......##.# #.#
#.÷<...####.# #.# #......#
#.# #.####.#..######.#
#.##.............#
#.##......######.#
#.........# #.# ####......#
#.# #......# #.#


You could see an orc.

Vanquished Creatures
  An orc priest (D:3)
  A worker ant (D:2)
  An adder (D:2)
  2 oozes (D:2)
  2 worms (D:2)
  4 dart slugs
  2 leopard geckos
  A ball python (D:1)
  6 bats
  2 giant cockroaches
  8 goblins
  8 hobgoblins
  A quokka (D:2)
  7 frilled lizards
  4 kobolds
  6 rats
56 creatures vanquished.

Notes
Turn   | Place    | Note
-------+----------+-------------------------------------------
     0 | D:1      | Mithandil the Deep Elf Conjurer began the quest for the
                  | Orb.
     0 | D:1      | Reached XP level 1. HP: 10/10 MP: 6/6
     6 | D:1      | Noticed an anaconda
     6 | D:1      | Noticed a polar bear
    87 | D:1      | Reached XP level 2. HP: 14/15 MP: 0/8
   430 | D:1      | Reached XP level 3. HP: 19/19 MP: 3/10
   655 | D:1      | Learned a level 2 spell: Searing Ray
  1096 | D:2      | Reached skill level 5 in Conjurations
  1175 | D:2      | Reached XP level 4. HP: 24/24 MP: 7/12
  1705 | D:2      | Found a shadowy altar of Dithmenos.
  1878 | D:2      | Reached XP level 5. HP: 6/28 MP: 7/14
  1880 | D:2      | Slain by an orc

Levels and vault maps discovered:
D:1:      onia_arrival_zoo_common, layout_basic, hex_tiny, minmay_octomino_c4
D:2:      lemuel_upstairs_altar, layout_loops_ring
D:3:      layout_rooms, amethyst_overflow_temple_binary, first_ration,
          uniq_grinder
D:4:      layout_loops_ring, nicolae_gozag_zags_fifth_avenue, serial_shops,
          shop, shop, shop, shop, kennysheep_mini_moat

Skill      XL: |  1  2  3 |
---------------+----------+-----
Stealth        | 3 |  3.6
Dodging        | 3 |  3.0
Spellcasting   | 4 |  4.8
Conjurations   | 5 |  5.5

Action                   |  1- 3 |  4- 6 || total
-------------------------+-------+-------++-------
Melee: Dagger            |    11 |       ||    11
 Cast: Magic Dart        |    78 |    48 ||   126
  Use: Scroll            |     3 |     6 ||     9
       Potion            |       |     2 ||     2
  Eat: Chunk             |     1 |     2 ||     3
Armor: Robe              |     4 |     6 ||    10
Dodge: Dodged            |    18 |    13 ||    31

Table legend:
 A = Non-vault XP
 B = Vault XP
 C = Vault XP percentage of total XP
 D = Non-vault monster count
 E = Vault monster count
 F = Vault count percentage of total count
                 A         B        C        D         E       F
            +---------+---------+-------+---------+---------+-------
      Total |     194 |      10 |   4.9 |      49 |       7 |  12.5
            +---------+---------+-------+---------+---------+-------
        D:1 |      49 |      10 |  16.9 |      25 |       7 |  21.9
        D:2 |      98 |       0 |   0.0 |      21 |       0 |   0.0
        D:3 |      47 |       0 |   0.0 |       3 |       0 |   0.0
            +---------+---------+-------+---------+---------+-------
